Oilers vs Panthers

Created - August 8, 2022 at 20:28

Goals
1 2 3 T
Oilers 0 1 0 1
Panthers 0 1 3 4
Shots
1 2 3 T
Oilers 6 7 6 19
Panthers 8 13 11 32

1st period

No Goal

Penalties :
Matt Duchene (Flo) for Hooking (Minor) at 10:27, Darnell Nurse (Edm) for High sticking (Minor) at 14:21, Maxim Lapierre (Edm) for Hooking (Minor) at 17:06

2nd period

1. Oilers , Ryan Nugent-Hopkins 7 (Leon Draisaitl 10) at 4:03
2. Panthers , Matt Duchene 19 (Jordan Eberle 13, Taylor Hall 22) at 9:00

Penalties :
Tyler Toffoli (Edm) for Hooking (Minor) at 10:25

3rd period

3. Panthers , Taylor Hall 12 (Matt Duchene 18) at 10:13 (PP)
4. Panthers , Jeremy Morin 6 (Dalton Prout 6, Max Reinhart 4) at 16:48
5. Panthers , Jordan Eberle 8 (Matt Duchene 19, Erik Gudbranson 13) at 19:54 (PP)

Penalties :
Taylor Hall (Flo) for Goalie Interference (Minor) at 0:03, Evander Kane (Edm) for Hooking (Minor) at 8:41, Evander Kane (Edm) for Hooking (Minor) at 19:24

Goalie Stats

James Reimer (Edm), 28 saves from 32 shots - (0.875), L, 11-6-2, 60:00 minutes
Petr Mrazek (Flo), 18 saves from 19 shots - (0.947), W, 15-5-1, 60:00 minutes

Players Stats for Oilers

Player Name              G  A  P  +/- PIM S  H  SB GA TA FO     MP     PP MP  PK MP  
------------------------------------------------------------------------------------
Alex Galchenyuk          0  0  0   0  0   1  0  0  0  0  0/1    20:41   2:03   4:41 
Andy Rogers              0  0  0   0  0   0  0  0  0  0  0/0    11:55   1:35   0:00 
Cam Barker               0  0  0  -1  0   1  2  3  1  2  0/0    23:17   0:00   5:12 
Connor McDavid           0  0  0   0  0   5  1  1  1  0  2/10   19:01   1:55   2:58 
Conor Sheary             0  0  0   1  0   0  1  0  1  0  0/0     9:37   0:00   0:00 
Darnell Nurse            0  0  0  -1  2   0  1  1  0  0  0/0    17:34   0:00   1:52 
Evander Kane             0  0  0   0  4   1  1  0  0  1  1/2    15:41   2:03   0:00 
Jake Gardiner            0  0  0   0  0   1  0  1  2  1  0/0    27:32   1:35   5:12 
Jussi Jokinen            0  0  0  -2  0   3  3  0  1  2  1/3    19:14   0:00   3:01 
Leon Draisaitl           0  1  1   1  0   1  2  0  0  0  0/0    11:57   1:55   0:17 
Maxim Lapierre           0  0  0   0  2   0  2  0  0  0  1/3     8:54   0:00   0:17 
Nail Yakupov             0  0  0   0  0   1  0  0  1  0  0/0     8:08   0:00   0:00 
Patrice Bergeron         0  0  0  -2  0   0  0  2  0  1  13/32  20:52   0:00   4:44 
Rasmus Ristolainen       0  0  0   0  0   3  2  1  0  0  0/0    24:48   2:23   2:47 
Ryan Nugent-Hopkins      1  0  1   1  0   1  0  0  0  0  1/3    11:40   2:03   0:00 
Ted Purcell              0  0  0   0  0   0  1  0  0  0  0/0     8:08   0:00   0:00 
Tobias Enstrom           0  0  0   0  0   0  2  0  0  0  0/0    14:55   2:23   0:55 
Tyler Toffoli            0  0  0  -2  2   1  1  0  1  1  0/0    18:02   1:55   0:00 

Players Stats for Panthers

Player Name              G  A  P  +/- PIM S  H  SB GA TA FO     MP     PP MP  PK MP  
------------------------------------------------------------------------------------
Adam Larsson             0  0  0   2  0   1  1  1  0  1  0/0    22:07   2:50   2:18 
Anze Kopitar             0  0  0   0  0   3  1  0  0  1  12/16  19:20   3:34   2:19 
Benoit Pouliot           0  0  0   0  0   0  2  0  1  0  0/0    17:41   3:34   0:59 
Byron Bitz               0  0  0   1  0   0  3  0  1  1  0/0     9:39   0:00   0:00 
Dalton Prout             0  1  1   2  0   4  0  1  0  0  0/0    21:31   2:50   1:40 
Dan Hamhuis              0  0  0   0  0   0  2  0  0  1  0/0    10:23   0:00   0:00 
Dany Heatley             0  0  0  -1  0   1  1  1  1  0  0/0     9:48   0:00   0:58 
Daultan Leveillé         0  0  0  -1  0   1  0  0  0  0  2/2     8:50   0:00   0:00 
Erik Gudbranson          0  1  1  -1  0   1  1  2  1  0  0/0    27:14   5:00   2:18 
Jeremy Morin             1  0  1   1  0   3  2  0  0  1  0/1     9:08   0:00   0:00 
Jordan Eberle            1  1  2   1  0   2  1  1  0  0  0/1    23:23   4:25   2:06 
Josh Gorges              0  0  0   0  0   0  0  3  0  1  0/0    13:16   0:09   1:40 
Kasperi Kapanen          0  0  0  -1  0   1  0  0  0  0  0/0     8:30   0:00   0:00 
Matt Duchene             1  2  3   1  2   5  2  0  0  0  19/30  21:21   4:25   0:00 
Max Reinhart             0  1  1   1  0   0  0  0  0  0  2/3    10:10   0:00   1:02 
Nick Bjugstad            0  0  0   0  0   3  1  0  0  1  0/1    16:36   3:34   0:00 
Oscar Klefbom            0  0  0  -1  0   2  2  2  3  1  0/0    25:29   5:09   0:00 
Taylor Hall              1  1  2   1  2   5  2  0  1  0  0/0    21:34   4:25   0:32 

3 Stars

1 - Matt Duchene (Flo)
2 - Jordan Eberle (Flo)
3 - Taylor Hall (Flo)

Power Play

Oilers - 0 on 2 Attempt(s) - 0.00%
Panthers - 2 on 5 Attempt(s) - 40.00%

Penalty Kill

Oilers - 3 on 5 Attempt(s) - 60.00% - Score 0 goal in Penalty Kill
Panthers - 2 on 2 Attempt(s) - 100.00% - Score 0 goal in Penalty Kill

Team Stat

Oilers - Hits : 19 - Faceoff Wins : 19 - Blocked Shots : 9 - Penalty Minutes : 10
Panthers - Hits : 21 - Faceoff Wins : 35 - Blocked Shots : 11 - Penalty Minutes : 4

Official

Referees : Graham Skilliter and Chris Rooney
Linesman : Travis Toomey and Tyson Baker

Game Notes

No Game Note

Finance

Level 1 -- Attendance: 6000 (100.00%) -- Ticket Income $600,000
Level 2 -- Attendance: 5000 (100.00%) -- Ticket Income $300,000
Level 3 -- Attendance: 2000 (100.00%) -- Ticket Income $70,000
Level 4 -- Attendance: 4000 (100.00%) -- Ticket Income $100,000
Luxury Box -- Attendance: 1000 (100.00%) -- Ticket Income $200,000
Game was played at the BBT Center.
Total Attendance: 18000 (100.00%)
Total Ticket Income: $1,270,000
Other Income: $190,500
Total Income: $1,460,500

Oilers

5 vs 5 Forward 
   Center                   Left Wing                Right Wing               Time % Phy DF OF 
 1 Patrice Bergeron         Jussi Jokinen            Tyler Toffoli            40     1   2  2  
 2 Connor McDavid           Alex Galchenyuk          Evander Kane             30     1   2  2  
 3 Ryan Nugent-Hopkins      Leon Draisaitl           Conor Sheary             20     1   2  2  
 4 Maxim Lapierre           Ted Purcell              Nail Yakupov             10     1   2  2  

5 vs 5 Defense 
   Defense                  Defense                                           Time % Phy DF OF 
 1 Jake Gardiner            Rasmus Ristolainen                                40     1   2  2  
 2 Darnell Nurse            Cam Barker                                        30     1   2  2  
 3 Tobias Enstrom           Andy Rogers                                       20     1   2  2  
 4 Jake Gardiner            Cam Barker                                        10     1   2  2  

PowerPlay Forward 
   Center                   Left Wing                Right Wing               Time % Phy DF OF 
 1 Ryan Nugent-Hopkins      Alex Galchenyuk          Evander Kane             60     1   2  2  
 2 Connor McDavid           Leon Draisaitl           Tyler Toffoli            40     1   2  2  

PowerPlay Defense
   Defense                  Defense                                           Time % Phy DF OF 
 1 Rasmus Ristolainen       Tobias Enstrom                                    60     1   2  2  
 2 Andy Rogers              Jake Gardiner                                     40     1   2  2  

Penalty Kill 4 Players Forward 
   Center                   Wing                     Time % Phy DF OF 
 1 Patrice Bergeron         Alex Galchenyuk          60     1   2  2  
 2 Connor McDavid           Jussi Jokinen            40     1   2  2  

Penalty Kill 4 Players Defense
   Defense                  Defense                  Time % Phy DF OF 
 1 Jake Gardiner            Cam Barker               60     1   2  2  
 2 Darnell Nurse            Rasmus Ristolainen       40     1   2  2  

Penalty Kill - 3 Players Forward 
   Forward                                           Time % Phy DF OF 
 1 Patrice Bergeron                                  60     1   2  2  
 2 Connor McDavid                                    40     1   2  2  

Penalty Kill - 3 Players Defense
   Defense                  Defense                  Time % Phy DF OF 
 1 Jake Gardiner            Cam Barker               60     1   2  2  
 2 Darnell Nurse            Rasmus Ristolainen       40     1   2  2  

4 vs 4 Forward 
   Center                   Wing                     Time % Phy DF OF 
 1 Patrice Bergeron         Alex Galchenyuk          60     1   2  2  
 2 Connor McDavid           Jussi Jokinen            40     1   2  2  

4 vs 4 Defense
   Defense                  Defense                  Time % Phy DF OF 
 1 Jake Gardiner            Cam Barker               60     1   2  2  
 2 Darnell Nurse            Rasmus Ristolainen       40     1   2  2  

Last Minutes Offensive
   Center                   Left Wing                Right Wing               Defense                  Defense                  
   Patrice Bergeron         Alex Galchenyuk          Evander Kane             Jake Gardiner            Rasmus Ristolainen       

Last Minutes Defensive
   Center                   Left Wing                Right Wing               Defense                  Defense                  
   Patrice Bergeron         Alex Galchenyuk          Evander Kane             Jake Gardiner            Cam Barker               

Goaltenders
Starting : James Reimer             
Backup : Jonas Hiller             

Extra Forwards
Normal : Patrice Bergeron, Connor McDavid, Leon Draisaitl - PP : Patrice Bergeron, Connor McDavid - PK : Patrice Bergeron
Extra Defensemen
Normal : Rasmus Ristolainen, Tobias Enstrom, Andy Rogers - PP : Rasmus Ristolainen - PK : Rasmus Ristolainen, Tobias Enstrom
Penalty Shots
Evander Kane, Alex Galchenyuk, Tyler Toffoli, Jussi Jokinen, Patrice Bergeron

Scratches
Duncan Keith (Back Injury), Jordan Caron (Healthy)

Panthers

5 vs 5 Forward 
   Center                   Left Wing                Right Wing               Time % Phy DF OF 
 1 Matt Duchene             Taylor Hall              Jordan Eberle            50     0   2  3  
 2 Anze Kopitar             Benoit Pouliot           Nick Bjugstad            35     0   2  3  
 3 Max Reinhart             Jeremy Morin             Byron Bitz               10     1   2  2  
 4 Daultan Leveillé         Dany Heatley             Kasperi Kapanen          5      0   2  3  

5 vs 5 Defense 
   Defense                  Defense                                           Time % Phy DF OF 
 1 Erik Gudbranson          Oscar Klefbom                                     50     0   2  3  
 2 Adam Larsson             Dalton Prout                                      30     0   2  3  
 3 Josh Gorges              Dan Hamhuis                                       10     1   2  2  
 4 Erik Gudbranson          Oscar Klefbom                                     10     0   2  3  

PowerPlay Forward 
   Center                   Left Wing                Right Wing               Time % Phy DF OF 
 1 Matt Duchene             Taylor Hall              Jordan Eberle            60     0   1  4  
 2 Anze Kopitar             Benoit Pouliot           Nick Bjugstad            40     0   1  4  

PowerPlay Defense
   Defense                  Defense                                           Time % Phy DF OF 
 1 Erik Gudbranson          Oscar Klefbom                                     70     0   2  3  
 2 Adam Larsson             Dalton Prout                                      30     0   2  3  

Penalty Kill 4 Players Forward 
   Center                   Wing                     Time % Phy DF OF 
 1 Anze Kopitar             Jordan Eberle            60     0   4  1  
 2 Max Reinhart             Taylor Hall              40     0   4  1  

Penalty Kill 4 Players Defense
   Defense                  Defense                  Time % Phy DF OF 
 1 Erik Gudbranson          Adam Larsson             60     0   4  1  
 2 Dalton Prout             Josh Gorges              40     0   4  1  

Penalty Kill - 3 Players Forward 
   Forward                                           Time % Phy DF OF 
 1 Jordan Eberle                                     60     0   5  0  
 2 Anze Kopitar                                      40     0   5  0  

Penalty Kill - 3 Players Defense
   Defense                  Defense                  Time % Phy DF OF 
 1 Erik Gudbranson          Adam Larsson             60     0   5  0  
 2 Dalton Prout             Josh Gorges              40     0   5  0  

4 vs 4 Forward 
   Center                   Wing                     Time % Phy DF OF 
 1 Matt Duchene             Taylor Hall              60     0   2  3  
 2 Anze Kopitar             Jordan Eberle            40     0   2  3  

4 vs 4 Defense
   Defense                  Defense                  Time % Phy DF OF 
 1 Erik Gudbranson          Oscar Klefbom            60     0   2  3  
 2 Adam Larsson             Dalton Prout             40     1   2  2  

Last Minutes Offensive
   Center                   Left Wing                Right Wing               Defense                  Defense                  
   Matt Duchene             Taylor Hall              Jordan Eberle            Erik Gudbranson          Oscar Klefbom            

Last Minutes Defensive
   Center                   Left Wing                Right Wing               Defense                  Defense                  
   Anze Kopitar             Taylor Hall              Jordan Eberle            Erik Gudbranson          Adam Larsson             

Goaltenders
Starting : Petr Mrazek              
Backup : Tyler Weiman             

Extra Forwards
Normal : Jordan Eberle, Taylor Hall, Matt Duchene - PP : Anze Kopitar, Taylor Hall - PK : Dany Heatley
Extra Defensemen
Normal : Adam Larsson, Erik Gudbranson, Oscar Klefbom - PP : Josh Gorges - PK : Dalton Prout, Erik Gudbranson
Penalty Shots
Benoit Pouliot, Nick Bjugstad, Anze Kopitar, Taylor Hall, Jordan Eberle

Scratches
Andrej Sekera (Healthy), R.J. Umberger (Healthy)

% Time on Ice - Oilers

Lines # - Real PCT - Wanted PCT - Time Play
Normal Forward
1 - 35% - 40% - 16:44
2 - 28% - 30% - 13:34
3 - 20% - 20% - 9:37
4 - 17% - 10% - 8:08
Normal Defense
1 - 40% - 40% - 19:18
2 - 33% - 30% - 15:41
3 - 22% - 20% - 10:20
4 - 6% - 10% - 2:44
PP Forward
1 - 52% - 60% - 2:03
2 - 48% - 40% - 1:55
PP Defense
1 - 60% - 60% - 2:23
2 - 40% - 40% - 1:35
PK Forward
1 - 75% - 60% - 5:57
2 - 25% - 40% - 2:02
PK Defense
1 - 65% - 60% - 5:12
2 - 35% - 40% - 2:47
PK3 Forward
1 - 0% - 60%
2 - 0% - 40%
PK3 Defense
1 - 0% - 60%
2 - 0% - 40%
44 Forward
1 - 0% - 60%
2 - 0% - 40%
44 Defense
1 - 0% - 60%
2 - 0% - 40%
Last Minute Offensive  - 0:00
Last Minute Defensive  - 0:00
Total
Forward - 60:00
Defense - 60:00

% Time on Ice - Panthers

Lines # - Real PCT - Wanted PCT - Time Play
Normal Forward
1 - 35% - 50% - 17:03
2 - 28% - 35% - 13:22
3 - 19% - 10% - 9:08
4 - 18% - 5% - 8:30
Normal Defense
1 - 41% - 50% - 19:44
2 - 35% - 30% - 17:01
3 - 22% - 10% - 10:23
4 - 2% - 10% - 0:55
PP Forward
1 - 55% - 60% - 4:25
2 - 45% - 40% - 3:34
PP Defense
1 - 65% - 70% - 5:09
2 - 35% - 30% - 2:50
PK Forward
1 - 74% - 60% - 2:56
2 - 26% - 40% - 1:02
PK Defense
1 - 58% - 60% - 2:18
2 - 42% - 40% - 1:40
PK3 Forward
1 - 0% - 60%
2 - 0% - 40%
PK3 Defense
1 - 0% - 60%
2 - 0% - 40%
44 Forward
1 - 0% - 60%
2 - 0% - 40%
44 Defense
1 - 0% - 60%
2 - 0% - 40%
Last Minute Offensive  - 0:00
Last Minute Defensive  - 0:00
Total
Forward - 60:00
Defense - 60:00

Play-by-Play

1st period


0:01 of 1st period - Patrice Bergeron wins face-off versus Matt Duchene in neutral zone.
0:03 of 1st period - Off-side.
0:04 of 1st period - Matt Duchene wins face-off versus Patrice Bergeron in neutral zone.
1:08 of 1st period - Snap shot by Rasmus Ristolainen.
1:08 of 1st period - Shot Misses the Net.
2:04 of 1st period - Anze Kopitar is hit by Darnell Nurse and loses puck.
2:09 of 1st period - Snap shot by Connor McDavid.
2:09 of 1st period - Shot Blocked by Josh Gorges.
2:11 of 1st period - Wrist shot by Evander Kane.
2:11 of 1st period - Deflect By Connor McDavid.
2:11 of 1st period - Shot Misses the Net.
2:11 of 1st period - Puck is out of play.
2:12 of 1st period - Anze Kopitar wins face-off versus Jussi Jokinen in Panthers zone.
2:12 of 1st period - Anze Kopitar is hit by Jussi Jokinen.
3:00 of 1st period - Wrist shot by Evander Kane.
3:00 of 1st period - Deflect By Alex Galchenyuk.
3:00 of 1st period - Stopped by Petr Mrazek with a rebound.
3:30 of 1st period - Snap shot by Jeremy Morin.
3:30 of 1st period - Shot Misses the Net.
3:32 of 1st period - Backhand shot by Jeremy Morin.
3:32 of 1st period - Stopped by James Reimer without a rebound.
3:33 of 1st period - Patrice Bergeron wins face-off versus Matt Duchene in Oilers zone.
3:38 of 1st period - Wrist shot by Jussi Jokinen.
3:38 of 1st period - Stopped by Petr Mrazek without a rebound.
3:39 of 1st period - Matt Duchene wins face-off versus Patrice Bergeron in Panthers zone.
3:54 of 1st period - Jussi Jokinen is hit by Adam Larsson and loses puck.
4:15 of 1st period - Snap shot by Nick Bjugstad.
4:15 of 1st period - Stopped by James Reimer without a rebound.
4:16 of 1st period - Patrice Bergeron wins face-off versus Matt Duchene in Oilers zone.
5:12 of 1st period - Connor McDavid is hit by Benoit Pouliot and loses puck.
5:37 of 1st period - Snap shot by Matt Duchene.
5:37 of 1st period - Shot Misses the Net.
5:41 of 1st period - Wrist shot by Taylor Hall.
5:41 of 1st period - Shot Misses the Net.
5:43 of 1st period - Wrist shot by Taylor Hall.
5:43 of 1st period - Stopped by James Reimer without a rebound.
5:44 of 1st period - Connor McDavid wins face-off versus Matt Duchene in Oilers zone.
6:31 of 1st period - Cam Barker is hit by Jeremy Morin and loses puck.
6:52 of 1st period - Snap shot by Matt Duchene.
6:52 of 1st period - Shot Misses the Net.
7:04 of 1st period - Patrice Bergeron is hit by Erik Gudbranson and loses puck.
7:21 of 1st period - Snap shot by Connor McDavid.
7:21 of 1st period - Shot Misses the Net.
7:23 of 1st period - Snap shot by Tobias Enstrom.
7:23 of 1st period - Shot Misses the Net.
7:45 of 1st period - Wrist shot by Benoit Pouliot.
7:45 of 1st period - Shot Hit the Post.
7:47 of 1st period - Slapshot by Adam Larsson.
7:47 of 1st period - Stopped by James Reimer with a rebound.
7:49 of 1st period - Wrist shot by Anze Kopitar.
7:49 of 1st period - Stopped by James Reimer without a rebound.
7:50 of 1st period - Patrice Bergeron wins face-off versus Jordan Eberle in Oilers zone.
8:18 of 1st period - Icing by Anze Kopitar.
8:19 of 1st period - Connor McDavid wins face-off versus Anze Kopitar in Panthers zone.
8:20 of 1st period - Snap shot by Evander Kane.
8:20 of 1st period - Shot Misses the Net.
8:36 of 1st period - Snap shot by Evander Kane.
8:36 of 1st period - Shot Misses the Net.
9:00 of 1st period - Snap shot by Alex Galchenyuk.
9:00 of 1st period - Shot Blocked by Oscar Klefbom.
9:10 of 1st period - Snap shot by Connor McDavid.
9:10 of 1st period - Stopped by Petr Mrazek without a rebound.
9:11 of 1st period - Patrice Bergeron wins face-off versus Matt Duchene in Panthers zone.
9:38 of 1st period - Adam Larsson is hit by Leon Draisaitl and loses puck.
9:58 of 1st period - Dan Hamhuis is hit by Maxim Lapierre and loses puck.
10:03 of 1st period - Slapshot by Nail Yakupov.
10:03 of 1st period - Shot Blocked by Josh Gorges.
10:05 of 1st period - Wrist shot by Maxim Lapierre.
10:05 of 1st period - Shot Blocked by Dany Heatley.
10:27 of 1st period - Minor Penalty to Matt Duchene for Hooking.
10:28 of 1st period - Anze Kopitar wins face-off versus Ryan Nugent-Hopkins in Panthers zone.
12:27 of 1st period - Penalty to Matt Duchene is over, Matt Duchene is back on ice.
12:30 of 1st period - Matt Duchene is hit by Cam Barker and loses puck.
12:45 of 1st period - Snap shot by Anze Kopitar.
12:45 of 1st period - Stopped by James Reimer without a rebound.
12:46 of 1st period - Patrice Bergeron wins face-off versus Jeremy Morin in Oilers zone.
12:46 of 1st period - Patrice Bergeron is hit by Dan Hamhuis.
13:10 of 1st period - Dan Hamhuis is hit by Maxim Lapierre and loses puck.
13:57 of 1st period - Erik Gudbranson is hit by Connor McDavid.
14:15 of 1st period - Wrist shot by Daultan Leveillé.
14:15 of 1st period - Stopped by James Reimer with a rebound.
14:21 of 1st period - Minor Penalty to Darnell Nurse for High sticking.
14:22 of 1st period - Matt Duchene wins face-off versus Patrice Bergeron in Oilers zone.
16:21 of 1st period - Penalty to Darnell Nurse is over, Darnell Nurse is back on ice.
16:32 of 1st period - Wrist shot by Leon Draisaitl.
16:32 of 1st period - Stopped by Petr Mrazek with a rebound.
17:06 of 1st period - Minor Penalty to Maxim Lapierre for Hooking.
17:07 of 1st period - Anze Kopitar wins face-off versus Patrice Bergeron in Oilers zone.
17:18 of 1st period - Wrist shot by Benoit Pouliot.
17:18 of 1st period - Shot Misses the Net.
17:20 of 1st period - Backhand shot by Dalton Prout.
17:20 of 1st period - Stopped by James Reimer with a rebound.
17:39 of 1st period - Off-side.
17:40 of 1st period - Jussi Jokinen wins face-off versus Matt Duchene in neutral zone.
17:43 of 1st period - Wrist shot by Rasmus Ristolainen.
17:43 of 1st period - Stopped by Petr Mrazek with a rebound.
18:18 of 1st period - Snap shot by Alex Galchenyuk.
18:18 of 1st period - Shot Misses the Net.
19:06 of 1st period - Penalty to Maxim Lapierre is over, Maxim Lapierre is back on ice.
19:18 of 1st period - Slapshot by Jake Gardiner.
19:18 of 1st period - Deflect By Connor McDavid.
19:18 of 1st period - Stopped by Petr Mrazek with a rebound.
19:26 of 1st period - Jake Gardiner is hit by Dan Hamhuis and loses puck.
Goals for this period are 0 for Oilers vs 0 for Panthers.
Shots for this period are 6 for Oilers vs 8 for Panthers.

2nd period


0:01 of 2nd period - Matt Duchene wins face-off versus Patrice Bergeron in neutral zone.
0:26 of 2nd period - Anze Kopitar is hit by Rasmus Ristolainen and loses puck.
1:06 of 2nd period - Slapshot by Oscar Klefbom.
1:06 of 2nd period - Stopped by James Reimer with a rebound.
1:12 of 2nd period - Erik Gudbranson is hit by Tobias Enstrom and loses puck.
1:35 of 2nd period - Wrist shot by Jussi Jokinen.
1:35 of 2nd period - Shot Misses the Net.
1:44 of 2nd period - Icing by Tyler Toffoli.
1:45 of 2nd period - Daultan Leveillé wins face-off versus Connor McDavid in Oilers zone.
2:20 of 2nd period - Backhand shot by Rasmus Ristolainen.
2:20 of 2nd period - Shot Misses the Net.
2:22 of 2nd period - Slapshot by Jake Gardiner.
2:22 of 2nd period - Stopped by Petr Mrazek with a rebound.
2:38 of 2nd period - Slapshot by Nick Bjugstad.
2:38 of 2nd period - Stopped by James Reimer with a rebound.
3:04 of 2nd period - Snap shot by Byron Bitz.
3:04 of 2nd period - Shot Blocked by Cam Barker.
3:58 of 2nd period - Dany Heatley is hit by Tobias Enstrom and loses puck.
4:03 of 2nd period - Slapshot by Ryan Nugent-Hopkins.
4:03 of 2nd period - Goal by Ryan Nugent-Hopkins - Oilers : 1 - Panthers : 0.
4:04 of 2nd period - Matt Duchene wins face-off versus Patrice Bergeron in neutral zone.
4:07 of 2nd period - Slapshot by Erik Gudbranson.
4:07 of 2nd period - Shot Blocked by Jake Gardiner.
4:19 of 2nd period - Snap shot by Jussi Jokinen.
4:19 of 2nd period - Shot Blocked by Erik Gudbranson.
4:21 of 2nd period - Snap shot by Tyler Toffoli.
4:21 of 2nd period - Stopped by Petr Mrazek with a rebound.
4:47 of 2nd period - Snap shot by Matt Duchene.
4:47 of 2nd period - Stopped by James Reimer with a rebound.
4:53 of 2nd period - Snap shot by Taylor Hall.
4:53 of 2nd period - Stopped by James Reimer with a rebound.
5:11 of 2nd period - Slapshot by Matt Duchene.
5:11 of 2nd period - Shot Blocked by Cam Barker.
5:27 of 2nd period - Snap shot by Matt Duchene.
5:27 of 2nd period - Stopped by James Reimer with a rebound.
5:29 of 2nd period - Snap shot by Matt Duchene.
5:29 of 2nd period - Stopped by James Reimer without a rebound.
5:30 of 2nd period - Anze Kopitar wins face-off versus Patrice Bergeron in Oilers zone.
5:57 of 2nd period - Rasmus Ristolainen is hit by Jeremy Morin and loses puck.
6:49 of 2nd period - Rasmus Ristolainen is hit by Benoit Pouliot and loses puck.
7:00 of 2nd period - Snap shot by Connor McDavid.
7:00 of 2nd period - Deflect By Evander Kane.
7:00 of 2nd period - Shot Misses the Net.
7:00 of 2nd period - Puck is out of play.
7:01 of 2nd period - Max Reinhart wins face-off versus Connor McDavid in Panthers zone.
7:01 of 2nd period - Max Reinhart is hit by Cam Barker.
7:25 of 2nd period - Evander Kane is hit by Oscar Klefbom and loses puck.
7:47 of 2nd period - Snap shot by Connor McDavid.
7:47 of 2nd period - Shot Misses the Net.
7:51 of 2nd period - Wrist shot by Evander Kane.
7:51 of 2nd period - Shot Misses the Net.
7:53 of 2nd period - Slapshot by Cam Barker.
7:53 of 2nd period - Stopped by Petr Mrazek with a rebound.
7:55 of 2nd period - Snap shot by Evander Kane.
7:55 of 2nd period - Deflect By Connor McDavid.
7:55 of 2nd period - Shot Misses the Net.
7:55 of 2nd period - Puck is out of play.
7:56 of 2nd period - Matt Duchene wins face-off versus Patrice Bergeron in Panthers zone.
8:03 of 2nd period - Snap shot by Tyler Toffoli.
8:03 of 2nd period - Deflect By Patrice Bergeron.
8:03 of 2nd period - Shot Blocked by Jordan Eberle.
8:03 of 2nd period - Puck is out of play.
8:04 of 2nd period - Matt Duchene wins face-off versus Patrice Bergeron in Panthers zone.
8:04 of 2nd period - Matt Duchene is hit by Jussi Jokinen.
9:00 of 2nd period - Snap shot by Matt Duchene.
9:00 of 2nd period - Goal by Matt Duchene - Oilers : 1 - Panthers : 1.
9:01 of 2nd period - Evander Kane wins face-off versus Anze Kopitar in neutral zone.
9:40 of 2nd period - Snap shot by Kasperi Kapanen.
9:40 of 2nd period - Stopped by James Reimer with a rebound.
10:04 of 2nd period - Snap shot by Darnell Nurse.
10:04 of 2nd period - Shot Misses the Net.
10:22 of 2nd period - Wrist shot by Taylor Hall.
10:22 of 2nd period - Stopped by James Reimer without a rebound.
10:23 of 2nd period - Patrice Bergeron wins face-off versus Matt Duchene in Oilers zone.
10:25 of 2nd period - Minor Penalty to Tyler Toffoli for Hooking.
10:26 of 2nd period - Patrice Bergeron wins face-off versus Matt Duchene in Oilers zone.
11:12 of 2nd period - Slapshot by Rasmus Ristolainen.
11:12 of 2nd period - Stopped by Petr Mrazek with a rebound.
12:25 of 2nd period - Penalty to Tyler Toffoli is over, Tyler Toffoli is back on ice.
12:57 of 2nd period - Ryan Nugent-Hopkins is hit by Dany Heatley and loses puck.
13:59 of 2nd period - Slapshot by Dalton Prout.
13:59 of 2nd period - Stopped by James Reimer without a rebound.
14:00 of 2nd period - Maxim Lapierre wins face-off versus Max Reinhart in Oilers zone.
14:11 of 2nd period - Tobias Enstrom is hit by Byron Bitz and loses puck.
15:47 of 2nd period - Oscar Klefbom is hit by Ted Purcell and loses puck.
16:16 of 2nd period - Wrist shot by Jordan Eberle.
16:16 of 2nd period - Shot Misses the Net.
16:46 of 2nd period - Ryan Nugent-Hopkins is hit by Byron Bitz and loses puck.
17:09 of 2nd period - Snap shot by Matt Duchene.
17:09 of 2nd period - Stopped by James Reimer without a rebound.
17:10 of 2nd period - Matt Duchene wins face-off versus Maxim Lapierre in Oilers zone.
17:11 of 2nd period - Wrist shot by Jordan Eberle.
17:11 of 2nd period - Shot Misses the Net.
17:13 of 2nd period - Slapshot by Adam Larsson.
17:13 of 2nd period - Shot Misses the Net.
17:15 of 2nd period - Slapshot by Matt Duchene.
17:15 of 2nd period - Shot Misses the Net.
17:17 of 2nd period - Slapshot by Dalton Prout.
17:17 of 2nd period - Stopped by James Reimer with a rebound.
17:21 of 2nd period - Wrist shot by Taylor Hall.
17:21 of 2nd period - Shot Misses the Net.
17:23 of 2nd period - Snap shot by Jordan Eberle.
17:23 of 2nd period - Shot Misses the Net.
17:25 of 2nd period - Wrist shot by Dalton Prout.
17:25 of 2nd period - Deflect By Darnell Nurse.
17:25 of 2nd period - Stopped by James Reimer without a rebound.
17:26 of 2nd period - Patrice Bergeron wins face-off versus Anze Kopitar in Oilers zone.
19:08 of 2nd period - Snap shot by Dany Heatley.
19:08 of 2nd period - Shot Blocked by Connor McDavid.
19:16 of 2nd period - Snap shot by Connor McDavid.
19:16 of 2nd period - Stopped by Petr Mrazek without a rebound.
19:17 of 2nd period - Matt Duchene wins face-off versus Patrice Bergeron in Panthers zone.
19:17 of 2nd period - Matt Duchene is hit by Jussi Jokinen.
19:55 of 2nd period - Wrist shot by Evander Kane.
19:55 of 2nd period - Stopped by Petr Mrazek with a rebound.
19:57 of 2nd period - Slapshot by Rasmus Ristolainen.
19:57 of 2nd period - Shot Blocked by Josh Gorges.
Goals for this period are 1 for Oilers vs 1 for Panthers.
Shots for this period are 7 for Oilers vs 13 for Panthers.

3rd period


0:01 of 3rd period - Matt Duchene wins face-off versus Patrice Bergeron in neutral zone.
0:03 of 3rd period - Minor Penalty to Taylor Hall for Goalie Interference.
0:04 of 3rd period - Anze Kopitar wins face-off versus Evander Kane in Panthers zone.
0:36 of 3rd period - Adam Larsson is hit by Rasmus Ristolainen and loses puck.
1:20 of 3rd period - Adam Larsson is hit by Leon Draisaitl and loses puck.
1:52 of 3rd period - Icing by Rasmus Ristolainen.
1:53 of 3rd period - Max Reinhart wins face-off versus Connor McDavid in Oilers zone.
2:03 of 3rd period - Penalty to Taylor Hall is over, Taylor Hall is back on ice.
2:48 of 3rd period - Slapshot by Rasmus Ristolainen.
2:48 of 3rd period - Stopped by Petr Mrazek with a rebound.
3:03 of 3rd period - Icing by Rasmus Ristolainen.
3:04 of 3rd period - Anze Kopitar wins face-off versus Connor McDavid in Oilers zone.
3:07 of 3rd period - Wrist shot by Matt Duchene.
3:07 of 3rd period - Shot Misses the Net.
3:19 of 3rd period - Slapshot by Matt Duchene.
3:19 of 3rd period - Deflect By Rasmus Ristolainen.
3:19 of 3rd period - Shot Misses the Net.
3:19 of 3rd period - Puck is out of play.
3:20 of 3rd period - Anze Kopitar wins face-off versus Patrice Bergeron in Oilers zone.
3:46 of 3rd period - Connor McDavid is hit by Matt Duchene and loses puck.
3:54 of 3rd period - Off-side.
3:55 of 3rd period - Matt Duchene wins face-off versus Jussi Jokinen in neutral zone.
4:56 of 3rd period - Byron Bitz is hit by Conor Sheary and loses puck.
5:29 of 3rd period - Snap shot by Jussi Jokinen.
5:29 of 3rd period - Shot Blocked by Erik Gudbranson.
5:48 of 3rd period - Icing by Anze Kopitar.
5:49 of 3rd period - Anze Kopitar wins face-off versus Connor McDavid in Panthers zone.
5:54 of 3rd period - Evander Kane is hit by Taylor Hall and loses puck.
6:23 of 3rd period - Jake Gardiner is hit by Anze Kopitar and loses puck.
6:44 of 3rd period - Snap shot by Jeremy Morin.
6:44 of 3rd period - Stopped by James Reimer with a rebound.
7:41 of 3rd period - Snap shot by Jussi Jokinen.
7:41 of 3rd period - Stopped by Petr Mrazek without a rebound.
7:42 of 3rd period - Patrice Bergeron wins face-off versus Nick Bjugstad in Panthers zone.
7:45 of 3rd period - Wrist shot by Jussi Jokinen.
7:45 of 3rd period - Stopped by Petr Mrazek without a rebound.
7:46 of 3rd period - Patrice Bergeron wins face-off versus Anze Kopitar in Panthers zone.
8:11 of 3rd period - Snap shot by Anze Kopitar.
8:11 of 3rd period - Shot Misses the Net.
8:15 of 3rd period - Wrist shot by Anze Kopitar.
8:15 of 3rd period - Shot Misses the Net.
8:17 of 3rd period - Slapshot by Anze Kopitar.
8:17 of 3rd period - Stopped by James Reimer without a rebound.
8:18 of 3rd period - Matt Duchene wins face-off versus Alex Galchenyuk in Oilers zone.
8:41 of 3rd period - Minor Penalty to Evander Kane for Hooking.
8:42 of 3rd period - Matt Duchene wins face-off versus Patrice Bergeron in Oilers zone.
8:43 of 3rd period - Slapshot by Taylor Hall.
8:43 of 3rd period - Deflect By Jordan Eberle.
8:43 of 3rd period - Shot Misses the Net.
8:43 of 3rd period - Puck is out of play.
8:44 of 3rd period - Matt Duchene wins face-off versus Patrice Bergeron in Oilers zone.
8:55 of 3rd period - Snap shot by Taylor Hall.
8:55 of 3rd period - Shot Misses the Net.
8:57 of 3rd period - Wrist shot by Oscar Klefbom.
8:57 of 3rd period - Shot Misses the Net.
9:13 of 3rd period - Slapshot by Nick Bjugstad.
9:13 of 3rd period - Shot Blocked by Patrice Bergeron.
9:15 of 3rd period - Snap shot by Nick Bjugstad.
9:15 of 3rd period - Deflect By Benoit Pouliot.
9:15 of 3rd period - Shot Blocked by Cam Barker.
9:15 of 3rd period - Puck is out of play.
9:16 of 3rd period - Anze Kopitar wins face-off versus Patrice Bergeron in Oilers zone.
9:17 of 3rd period - Snap shot by Benoit Pouliot.
9:17 of 3rd period - Shot Misses the Net.
9:19 of 3rd period - Snap shot by Nick Bjugstad.
9:19 of 3rd period - Stopped by James Reimer without a rebound.
9:20 of 3rd period - Patrice Bergeron wins face-off versus Matt Duchene in Oilers zone.
9:31 of 3rd period - Wrist shot by Oscar Klefbom.
9:31 of 3rd period - Stopped by James Reimer without a rebound.
9:32 of 3rd period - Matt Duchene wins face-off versus Patrice Bergeron in Oilers zone.
10:05 of 3rd period - Snap shot by Connor McDavid.
10:05 of 3rd period - Stopped by Petr Mrazek without a rebound.
10:06 of 3rd period - Matt Duchene wins face-off versus Connor McDavid in Panthers zone.
10:11 of 3rd period - Wrist shot by Matt Duchene.
10:11 of 3rd period - Shot Misses the Net.
10:13 of 3rd period - Slapshot by Taylor Hall.
10:13 of 3rd period - Goal by Taylor Hall - Oilers : 1 - Panthers : 2.
10:14 of 3rd period - Matt Duchene wins face-off versus Patrice Bergeron in neutral zone.
10:44 of 3rd period - Connor McDavid is hit by Nick Bjugstad and loses puck.
11:55 of 3rd period - Snap shot by Ted Purcell.
11:55 of 3rd period - Shot Misses the Net.
11:57 of 3rd period - Snap shot by Jake Gardiner.
11:57 of 3rd period - Shot Hit the Post.
11:59 of 3rd period - Slapshot by Rasmus Ristolainen.
11:59 of 3rd period - Shot Misses the Net.
12:01 of 3rd period - Snap shot by Ted Purcell.
12:01 of 3rd period - Shot Blocked by Oscar Klefbom.
12:03 of 3rd period - Slapshot by Jake Gardiner.
12:03 of 3rd period - Shot Misses the Net.
12:05 of 3rd period - Snap shot by Nail Yakupov.
12:05 of 3rd period - Stopped by Petr Mrazek without a rebound.
12:06 of 3rd period - Patrice Bergeron wins face-off versus Matt Duchene in Panthers zone.
12:11 of 3rd period - Jussi Jokinen is hit by Matt Duchene and loses puck.
12:44 of 3rd period - Slapshot by Nick Bjugstad.
12:44 of 3rd period - Shot Misses the Net.
12:56 of 3rd period - Slapshot by Darnell Nurse.
12:56 of 3rd period - Shot Misses the Net.
13:06 of 3rd period - Leon Draisaitl is hit by Byron Bitz and loses puck.
13:22 of 3rd period - Andy Rogers is hit by Taylor Hall and loses puck.
13:35 of 3rd period - Slapshot by Dany Heatley.
13:35 of 3rd period - Stopped by James Reimer without a rebound.
13:36 of 3rd period - Daultan Leveillé wins face-off versus Maxim Lapierre in Oilers zone.
14:22 of 3rd period - Wrist shot by Connor McDavid.
14:22 of 3rd period - Stopped by Petr Mrazek without a rebound.
14:23 of 3rd period - Anze Kopitar wins face-off versus Connor McDavid in Panthers zone.
14:23 of 3rd period - Anze Kopitar is hit by Evander Kane.
14:29 of 3rd period - Connor McDavid is hit by Oscar Klefbom and loses puck.
14:40 of 3rd period - Snap shot by Benoit Pouliot.
14:40 of 3rd period - Shot Blocked by Rasmus Ristolainen.
14:43 of 3rd period - Icing by Jake Gardiner.
14:44 of 3rd period - Matt Duchene wins face-off versus Connor McDavid in Oilers zone.
15:25 of 3rd period - Backhand shot by Connor McDavid.
15:25 of 3rd period - Shot Misses the Net.
15:35 of 3rd period - Wrist shot by Matt Duchene.
15:35 of 3rd period - Deflect By Taylor Hall.
15:35 of 3rd period - Stopped by James Reimer with a rebound.
15:37 of 3rd period - Slapshot by Oscar Klefbom.
15:37 of 3rd period - Deflect By Jordan Eberle.
15:37 of 3rd period - Stopped by James Reimer with a rebound.
15:39 of 3rd period - Slapshot by Erik Gudbranson.
15:39 of 3rd period - Stopped by James Reimer without a rebound.
15:40 of 3rd period - Anze Kopitar wins face-off versus Ryan Nugent-Hopkins in Oilers zone.
15:43 of 3rd period - Slapshot by Nick Bjugstad.
15:43 of 3rd period - Shot Blocked by Darnell Nurse.
15:49 of 3rd period - Slapshot by Darnell Nurse.
15:49 of 3rd period - Shot Blocked by Adam Larsson.
15:51 of 3rd period - Snap shot by Conor Sheary.
15:51 of 3rd period - Shot Blocked by Dalton Prout.
16:25 of 3rd period - Byron Bitz is hit by Tyler Toffoli and loses puck.
16:48 of 3rd period - Slapshot by Dalton Prout.
16:48 of 3rd period - Deflect By Jeremy Morin.
16:48 of 3rd period - Goal by Jeremy Morin - Oilers : 1 - Panthers : 3.
16:49 of 3rd period - Ryan Nugent-Hopkins wins face-off versus Matt Duchene in neutral zone.
17:38 of 3rd period - Tobias Enstrom is hit by Jordan Eberle.
18:11 of 3rd period - Snap shot by Ted Purcell.
18:11 of 3rd period - Shot Misses the Net.
19:24 of 3rd period - Minor Penalty to Evander Kane for Hooking.
19:25 of 3rd period - Anze Kopitar wins face-off versus Patrice Bergeron in Oilers zone.
19:26 of 3rd period - Wrist shot by Benoit Pouliot.
19:26 of 3rd period - Shot Blocked by Patrice Bergeron.
19:54 of 3rd period - Snap shot by Jordan Eberle.
19:54 of 3rd period - Goal by Jordan Eberle - Oilers : 1 - Panthers : 4.
19:55 of 3rd period - Matt Duchene wins face-off versus Patrice Bergeron in neutral zone.
Goals for this period are 0 for Oilers vs 3 for Panthers.
Shots for this period are 6 for Oilers vs 11 for Panthers.